Jets vs Wild (R1)

Created - 13 février 2013 at 23:16

Goals
1 2 3 OT1 SO T
Jets 0 3 0 0 0 3
Wild 1 2 0 0 1 4
Shots
1 2 3 OT1 SO T
Jets 10 13 5 0 3 28
Wild 7 11 14 0 2 32

1st period

1. Wild , Rod Brind'Amour 7 (Vaclav Prospal, Nathan Dempsey) at 19:38

Penalties :
Jussi Jokinen (Win) for Tripping (Minor) at 0:38, Martin Erat (Win) for Tripping (Minor) at 6:58, Chris Drury (Min) for Tripping (Minor) at 10:55, Benoit Pouliot (Win) for Holding (Minor) at 15:25, Nathan Dempsey (Min) for Hooking (Minor) at 17:14

2nd period

2. Jets , Jason Arnott 13 (Martin Erat, Dmitri Kalinin) at 5:32
3. Wild , Chris Drury 19 (Mark Recchi) at 5:41
4. Wild , Chris Drury 20 (Fedor Tyutin, Danil Markov) at 8:19
5. Jets , Jussi Jokinen 10 (Dmitri Kalinin, Jason Arnott) at 13:36
6. Jets , Justin Williams 8 (Peter Worrell) at 14:15

Penalties :
Anson Carter (Min) for Holding (Minor) at 0:39, R.J. Umberger (Min) for Hooking (Minor) at 14:22, Zigmund Palffy (Win) for Hooking (Minor) at 16:57

3rd period

No Goal

Penalties :
Danil Markov (Min) for High sticking (Minor) at 3:17, Zigmund Palffy (Win) for Holding Stick (Minor) at 3:49, Jason Arnott (Win) for Hooking (Minor) at 12:58

Overtime #1

No Goal

Penalties :
No Penalty

Shootout

Penalty Shot by Peter Worrell for Jets - Stopped by Martin Brodeur
Penalty Shot by Mark Recchi for Wild - Stopped by Maxime Daigneault
Penalty Shot by Jason Arnott for Jets - Stopped by Martin Brodeur
Penalty Shot by Chris Drury for Wild - Goal!
Penalty Shot by Benoit Pouliot for Jets - Stopped by Martin Brodeur

Penalties :
No Penalty

Goalie Stats

Maxime Daigneault (Win), 29 saves from 32 shots - (0,906), OTL, 6-3-4, 65:00 minutes
Martin Brodeur (Min), 25 saves from 28 shots - (0,893), W, 17-15-2, 65:00 minutes

Players Stats for Jets

Player Name              G  A  P  +/- PIM S  H  SB GA TA FO     MP     PP MP  PK MP  
------------------------------------------------------------------------------------
Benoit Pouliot           0  0  0  -1  2   2  0  1  2  0  0/0    19:43   3:27   1:25 
Bryce Salvador           0  0  0   0  0   1  1  0  0  0  0/0    23:09   0:00   5:39 
Colin White              0  0  0   1  0   2  2  3  0  0  0/0    16:14   0:00   4:06 
Dainius Zubrus           0  0  0  -1  0   2  2  0  0  1  0/0     7:24   0:03   0:00 
Dmitri Kalinin           0  2  2  -1  0   2  0  2  0  0  0/0    22:53   3:10   5:39 
Jason Allison            0  0  0  -1  0   6  3  0  0  0  18/31  20:57   5:06   1:09 
Jason Arnott             1  1  2   2  2   2  2  0  0  0  7/15   20:41   3:09   4:56 
Jussi Jokinen            1  0  1   2  2   4  1  0  0  0  0/0    14:01   0:21   0:56 
Justin Williams          1  0  1   0  0   1  0  0  0  0  1/1    10:28   0:00   0:00 
Martin Erat              0  1  1   2  2   1  2  0  1  1  0/0    13:50   4:48   0:00 
Mike Leclerc             0  0  0  -1  0   0  0  0  0  1  0/0    12:53   0:00   5:22 
Niklas Kronwall          0  0  0   0  0   0  1  1  0  0  0/0    16:06   3:10   0:09 
Pavel Kubina             0  0  0   0  0   0  3  2  0  0  0/0    21:47   5:08   0:32 
Peter Worrell            0  1  1   0  0   2  2  0  0  0  0/1    17:41   4:48   2:36 
Tuomo Ruutu              0  0  0   0  0   0  1  0  0  1  0/3    13:48   0:03   1:15 
Wade Redden              0  0  0   0  0   2  8  5  0  0  0/0    30:00   5:08   4:38 
Zenon Konopka            0  0  0  -1  0   0  1  0  0  1  1/2     7:20   0:00   0:50 
Zigmund Palffy           0  0  0  -1  4   1  3  0  0  0  1/2    19:05   3:08   1:56 

Players Stats for Wild

Player Name              G  A  P  +/- PIM S  H  SB GA TA FO     MP     PP MP  PK MP  
------------------------------------------------------------------------------------
Adam Deadmarsh           0  0  0   0  0   2  0  1  0  0  0/0     8:51   0:10   0:06 
Anson Carter             0  0  0   0  2   2  0  0  0  0  1/1    14:38   4:17   0:00 
Bret Hedican             0  0  0   0  0   2  0  1  1  0  0/0    21:44   4:10   1:27 
Chris Drury              2  0  2   0  2   4  2  0  0  1  12/22  21:33   4:54   0:36 
Chris Higgins            0  0  0   0  0   1  1  0  1  0  0/0    13:13   0:00   3:09 
Danil Markov             0  1  1   1  2   0  1  1  0  1  0/0    15:39   0:32   4:34 
Fedor Tyutin             0  1  1   0  0   4  4  1  0  0  0/0    22:15   4:10   2:46 
Fredrik Modin            0  0  0  -1  0   1  0  0  0  0  0/1     9:59   0:00   0:12 
Jozef Stumpel            0  0  0   0  0   5  1  0  1  0  1/2    16:26   5:50   0:00 
Mark Recchi              0  1  1   0  0   3  1  1  0  0  3/5    20:46   5:18   0:17 
Mike Green               0  0  0  -1  0   0  1  2  1  1  0/0    27:18   6:07   0:26 
Mike Knuble              0  0  0  -1  0   1  2  0  0  0  0/0     9:31   0:00   0:00 
Mike Ricci               0  0  0  -1  0   0  1  0  0  0  2/4    13:28   0:00   2:59 
Nathan Dempsey           0  1  1   0  2   1  1  0  0  0  0/0    27:35   6:06   2:17 
Niclas Wallin            0  0  0   1  0   0  0  0  0  0  0/0    15:47   0:00   5:06 
R.J. Umberger            0  0  0   0  2   3  2  0  0  0  0/0    16:31   4:27   0:00 
Rod Brind'Amour          1  0  1   1  0   1  0  0  0  0  6/10   13:24   0:24   4:37 
Vaclav Prospal           0  1  1   1  0   2  1  0  1  0  2/10   21:22   4:59   4:40 

3 Stars

1 - Chris Drury (Min)
2 - Jason Arnott (Win)
3 - Rod Brind'Amour (Min)

Power Play

Jets - 0 on 5 Attempt(s) - 0,00%
Wild - 0 on 6 Attempt(s) - 0,00%

Penalty Kill

Jets - 6 on 6 Attempt(s) - 100,00% - Score 0 goal in Penalty Kill
Wild - 5 on 5 Attempt(s) - 100,00% - Score 0 goal in Penalty Kill

Official

Referees : Devorski Paul and Walsh Ian
Linesman : Steve Miller and Pierre Racicot

Game Notes

No Game Note

Finance

Level 1 -- Attendance: 3410 (56,83%) -- Ticket Income 409 200 $
Level 2 -- Attendance: 2910 (58,20%) -- Ticket Income 203 700 $
Level 3 -- Attendance: 1239 (61,95%) -- Ticket Income 55 755 $
Level 4 -- Attendance: 1900 (47,50%) -- Ticket Income 66 500 $
Luxury Box -- Attendance: 613 (61,30%) -- Ticket Income 153 250 $
Game was played at the Forest Center
Total Attendance: 10072 (55,96%)
Total Ticket Income: 888 405 $
Total Income: 888 405 $

Jets

5 vs 5 Forward 
   Center                   Left Wing                Right Wing               Time % Phy DF OF 
 1 Jason Allison            Benoit Pouliot           Zigmund Palffy           40     1   1  3  
 2 Jason Arnott             Jussi Jokinen            Martin Erat              30     1   1  3  
 3 Tuomo Ruutu              Peter Worrell            Justin Williams          20     1   1  3  
 4 Zenon Konopka            Mike Leclerc             Dainius Zubrus           10     1   2  2  

5 vs 5 Defense 
   Defense                  Defense                                           Time % Phy DF OF 
 1 Wade Redden              Bryce Salvador                                    40     2   2  1  
 2 Dmitri Kalinin           Pavel Kubina                                      30     2   2  1  
 3 Colin White              Niklas Kronwall                                   20     1   2  2  
 4 Wade Redden              Pavel Kubina                                      10     2   2  1  

PowerPlay Forward 
   Center                   Left Wing                Right Wing               Time % Phy DF OF 
 1 Jason Allison            Peter Worrell            Martin Erat              60     1   0  4  
 2 Jason Arnott             Benoit Pouliot           Zigmund Palffy           40     1   0  4  

PowerPlay Defense
   Defense                  Defense                                           Time % Phy DF OF 
 1 Wade Redden              Pavel Kubina                                      60     0   1  4  
 2 Dmitri Kalinin           Niklas Kronwall                                   40     0   2  3  

Penalty Kill 4 Players Forward 
   Center                   Wing                     Time % Phy DF OF 
 1 Jason Arnott             Mike Leclerc             60     0   4  1  
 2 Peter Worrell            Zigmund Palffy           40     0   4  1  

Penalty Kill 4 Players Defense
   Defense                  Defense                  Time % Phy DF OF 
 1 Dmitri Kalinin           Bryce Salvador           60     1   4  0  
 2 Colin White              Wade Redden              40     1   4  0  

Penalty Kill - 3 Players Forward 
   Forward                                           Time % Phy DF OF 
 1 Mike Leclerc                                      60     0   4  1  
 2 Jason Arnott                                      40     0   4  1  

Penalty Kill - 3 Players Defense
   Defense                  Defense                  Time % Phy DF OF 
 1 Dmitri Kalinin           Bryce Salvador           60     1   2  2  
 2 Colin White              Wade Redden              40     1   2  2  

4 vs 4 Forward 
   Center                   Wing                     Time % Phy DF OF 
 1 Jason Allison            Benoit Pouliot           60     1   2  2  
 2 Jason Arnott             Zigmund Palffy           40     1   2  2  

4 vs 4 Defense
   Defense                  Defense                  Time % Phy DF OF 
 1 Wade Redden              Pavel Kubina             60     1   2  2  
 2 Dmitri Kalinin           Bryce Salvador           40     1   2  2  

Last Minutes Offensive
   Center                   Left Wing                Right Wing               Defense                  Defense                  
   Jason Allison            Benoit Pouliot           Zigmund Palffy           Wade Redden              Pavel Kubina             

Last Minutes Defensive
   Center                   Left Wing                Right Wing               Defense                  Defense                  
   Jason Arnott             Mike Leclerc             Zigmund Palffy           Bryce Salvador           Wade Redden              

Goaltenders
Starting : Maxime Daigneault        
Backup : Ilya Bryzgalov           

Extra Forwards
Normal : Jussi Jokinen, Benoit Pouliot, Tuomo Ruutu - PP : Zigmund Palffy, Benoit Pouliot - PK : Tuomo Ruutu
Extra Defensemen
Normal : Colin White, Pavel Kubina, Dmitri Kalinin - PP : Niklas Kronwall - PK : Bryce Salvador, Dmitri Kalinin
Penalty Shots
Peter Worrell, Jason Arnott, Benoit Pouliot, Jason Allison, Wade Redden

Wild

5 vs 5 Forward 
   Center                   Left Wing                Right Wing               Time % Phy DF OF 
 1 Chris Drury              R.J. Umberger            Mark Recchi              40     1   1  3  
 2 Vaclav Prospal           Jozef Stumpel            Anson Carter             30     1   1  3  
 3 Rod Brind'Amour          Chris Higgins            Adam Deadmarsh           20     1   3  1  
 4 Mike Ricci               Fredrik Modin            Mike Knuble              10     2   2  1  

5 vs 5 Defense 
   Defense                  Defense                                           Time % Phy DF OF 
 1 Mike Green               Nathan Dempsey                                    40     1   3  1  
 2 Fedor Tyutin             Bret Hedican                                      30     1   3  1  
 3 Niclas Wallin            Danil Markov                                      20     2   2  1  
 4 Bret Hedican             Mike Green                                        10     1   3  1  

PowerPlay Forward 
   Center                   Left Wing                Right Wing               Time % Phy DF OF 
 1 Chris Drury              Jozef Stumpel            Mark Recchi              60     1   0  4  
 2 Vaclav Prospal           R.J. Umberger            Anson Carter             40     1   0  4  

PowerPlay Defense
   Defense                  Defense                                           Time % Phy DF OF 
 1 Mike Green               Nathan Dempsey                                    60     1   1  3  
 2 Fedor Tyutin             Bret Hedican                                      40     1   1  3  

Penalty Kill 4 Players Forward 
   Center                   Wing                     Time % Phy DF OF 
 1 Rod Brind'Amour          Vaclav Prospal           60     3   2  0  
 2 Mike Ricci               Chris Higgins            40     3   2  0  

Penalty Kill 4 Players Defense
   Defense                  Defense                  Time % Phy DF OF 
 1 Danil Markov             Niclas Wallin            60     2   3  0  
 2 Fedor Tyutin             Nathan Dempsey           40     2   3  0  

Penalty Kill - 3 Players Forward 
   Forward                                           Time % Phy DF OF 
 1 Rod Brind'Amour                                   60     2   3  0  
 2 Mike Ricci                                        40     2   3  0  

Penalty Kill - 3 Players Defense
   Defense                  Defense                  Time % Phy DF OF 
 1 Danil Markov             Niclas Wallin            60     3   2  0  
 2 Nathan Dempsey           Bret Hedican             40     3   2  0  

4 vs 4 Forward 
   Center                   Wing                     Time % Phy DF OF 
 1 Mark Recchi              Chris Drury              60     1   1  3  
 2 Jozef Stumpel            Vaclav Prospal           40     1   1  3  

4 vs 4 Defense
   Defense                  Defense                  Time % Phy DF OF 
 1 Mike Green               Nathan Dempsey           60     1   3  1  
 2 Fedor Tyutin             Bret Hedican             40     1   3  1  

Last Minutes Offensive
   Center                   Left Wing                Right Wing               Defense                  Defense                  
   Chris Drury              Jozef Stumpel            Mark Recchi              Mike Green               Nathan Dempsey           

Last Minutes Defensive
   Center                   Left Wing                Right Wing               Defense                  Defense                  
   Rod Brind'Amour          Chris Higgins            Mike Ricci               Danil Markov             Niclas Wallin            

Goaltenders
Starting : Martin Brodeur           
Backup : Jamie Storr              

Extra Forwards
Normal : Chris Drury, Mark Recchi, Anson Carter - PP : Chris Drury, Mark Recchi - PK : Rod Brind'Amour
Extra Defensemen
Normal : Mike Green, Nathan Dempsey, Bret Hedican - PP : Mike Green - PK : Danil Markov, Nathan Dempsey
Penalty Shots
Mark Recchi, Chris Drury, Jozef Stumpel, Vaclav Prospal, Rod Brind'Amour

% Time on Ice - Jets

Lines # - Real PCT - Wanted PCT - Time Play
Normal Forward
1 - 30% - 40% - 11:58
2 - 31% - 30% - 12:11
3 - 25% - 20% - 10:05
4 - 14% - 10% - 5:34
Normal Defense
1 - 41% - 40% - 16:28
2 - 27% - 30% - 10:54
3 - 26% - 20% - 10:28
4 - 5% - 10% - 1:58
PP Forward
1 - 62% - 60% - 5:09
2 - 38% - 40% - 3:09
PP Defense
1 - 62% - 60% - 5:08
2 - 38% - 40% - 3:10
PK Forward
1 - 70% - 60% - 7:09
2 - 30% - 40% - 3:08
PK Defense
1 - 60% - 60% - 6:11
2 - 40% - 40% - 4:06
PK3 Forward
1 - 0% - 60%
2 - 0% - 40%
PK3 Defense
1 - 0% - 60%
2 - 0% - 40%
44 Forward
1 - 78% - 60% - 5:08
2 - 22% - 40% - 1:29
44 Defense
1 - 66% - 60% - 4:22
2 - 34% - 40% - 2:15
Last Minute Offensive  - 0:00
Last Minute Defensive  - 0:00
Total
Forward - 65:00
Defense - 65:00

% Time on Ice - Wild

Lines # - Real PCT - Wanted PCT - Time Play
Normal Forward
1 - 31% - 40% - 12:23
2 - 29% - 30% - 11:25
3 - 18% - 20% - 6:59
4 - 23% - 10% - 9:01
Normal Defense
1 - 44% - 40% - 17:26
2 - 32% - 30% - 12:36
3 - 22% - 20% - 8:50
4 - 2% - 10% - 0:56
PP Forward
1 - 52% - 60% - 5:18
2 - 48% - 40% - 4:59
PP Defense
1 - 59% - 60% - 6:07
2 - 41% - 40% - 4:10
PK Forward
1 - 73% - 60% - 6:02
2 - 27% - 40% - 2:16
PK Defense
1 - 67% - 60% - 5:32
2 - 33% - 40% - 2:46
PK3 Forward
1 - 0% - 60%
2 - 0% - 40%
PK3 Defense
1 - 0% - 60%
2 - 0% - 40%
44 Forward
1 - 70% - 60% - 4:37
2 - 30% - 40% - 2:00
44 Defense
1 - 59% - 60% - 3:56
2 - 41% - 40% - 2:41
Last Minute Offensive  - 0:00
Last Minute Defensive  - 0:00
Total
Forward - 65:00
Defense - 65:00

Play by Play

1st period


0:01 of 1st period - Jason Allison wins face-off versus Chris Drury in neutral zone.
0:08 of 1st period - Snap shot by Benoit Pouliot.
0:08 of 1st period - Shot Blocked by Mark Recchi.
0:10 of 1st period - Slapshot by Wade Redden.
0:10 of 1st period - Shot Misses the Net.
0:26 of 1st period - Bryce Salvador is hit by Mike Green and loses puck.
0:38 of 1st period - Minor Penalty to Jussi Jokinen for Tripping.
0:39 of 1st period - Jason Arnott wins face-off versus Chris Drury in Jets zone.
1:08 of 1st period - Bret Hedican is hit by Zigmund Palffy and loses puck.
2:37 of 1st period - Icing by Vaclav Prospal.
2:38 of 1st period - Penalty to Jussi Jokinen is over, Jussi Jokinen is back on ice.
2:38 of 1st period - Zigmund Palffy wins face-off versus Vaclav Prospal in Wild zone.
2:41 of 1st period - Snap shot by Benoit Pouliot.
2:41 of 1st period - Stopped by Martin Brodeur with a rebound.
2:51 of 1st period - Snap shot by Jason Allison.
2:51 of 1st period - Stopped by Martin Brodeur with a rebound.
3:10 of 1st period - Nathan Dempsey is hit by Colin White and loses puck.
3:26 of 1st period - Nathan Dempsey is hit by Pavel Kubina and loses puck.
3:45 of 1st period - Snap shot by Mark Recchi.
3:45 of 1st period - Stopped by Maxime Daigneault with a rebound.
4:45 of 1st period - Bryce Salvador is hit by Fedor Tyutin and loses puck.
5:06 of 1st period - Wrist shot by Benoit Pouliot.
5:06 of 1st period - Shot Misses the Net.
5:20 of 1st period - Snap shot by Rod Brind'Amour.
5:20 of 1st period - Shot Blocked by Niklas Kronwall.
5:46 of 1st period - Snap shot by Jussi Jokinen.
5:46 of 1st period - Stopped by Martin Brodeur with a rebound.
6:15 of 1st period - Jozef Stumpel is hit by Pavel Kubina and loses puck.
6:20 of 1st period - Snap shot by Jason Allison.
6:20 of 1st period - Deflect By Zigmund Palffy.
6:20 of 1st period - Deflect By Jozef Stumpel.
6:20 of 1st period - Shot Misses the Net.
6:20 of 1st period - Puck is out of play.
6:21 of 1st period - Jason Allison wins face-off versus Rod Brind'Amour in Wild zone.
6:26 of 1st period - Snap shot by Zigmund Palffy.
6:26 of 1st period - Shot Misses the Net.
6:28 of 1st period - Snap shot by Zigmund Palffy.
6:28 of 1st period - Deflect By Jason Allison.
6:28 of 1st period - Shot Misses the Net.
6:28 of 1st period - Puck is out of play.
6:29 of 1st period - Jason Allison wins face-off versus Rod Brind'Amour in Wild zone.
6:34 of 1st period - Snap shot by Jason Allison.
6:34 of 1st period - Deflect By Zigmund Palffy.
6:34 of 1st period - Shot Misses the Net.
6:34 of 1st period - Puck is out of play.
6:35 of 1st period - Jason Allison wins face-off versus Chris Drury in Wild zone.
6:44 of 1st period - Slapshot by Jason Allison.
6:44 of 1st period - Shot Misses the Net.
6:46 of 1st period - Backhand shot by Colin White.
6:46 of 1st period - Deflect By Chris Drury.
6:46 of 1st period - Stopped by Martin Brodeur without a rebound.
6:47 of 1st period - Mark Recchi wins face-off versus Jason Arnott in Wild zone.
6:47 of 1st period - Mark Recchi is hit by Jussi Jokinen.
6:58 of 1st period - Minor Penalty to Martin Erat for Tripping.
6:59 of 1st period - Chris Drury wins face-off versus Jason Arnott in Jets zone.
7:06 of 1st period - Snap shot by Jozef Stumpel.
7:06 of 1st period - Stopped by Maxime Daigneault without a rebound.
7:07 of 1st period - Chris Drury wins face-off versus Jason Arnott in Jets zone.
7:10 of 1st period - Backhand shot by Chris Drury.
7:10 of 1st period - Shot Misses the Net.
7:18 of 1st period - Snap shot by Mark Recchi.
7:18 of 1st period - Shot Blocked by Dmitri Kalinin.
7:34 of 1st period - Peter Worrell is hit by Chris Drury and loses puck.
7:41 of 1st period - Snap shot by Jozef Stumpel.
7:41 of 1st period - Stopped by Maxime Daigneault without a rebound.
7:42 of 1st period - Jason Arnott wins face-off versus Vaclav Prospal in Jets zone.
7:42 of 1st period - Jason Arnott is hit by R.J. Umberger.
7:48 of 1st period - Wrist shot by Jason Arnott.
7:48 of 1st period - Shot Misses the Net.
7:50 of 1st period - Slapshot by Wade Redden.
7:50 of 1st period - Shot Blocked by Fedor Tyutin.
7:52 of 1st period - Snap shot by Wade Redden.
7:52 of 1st period - Stopped by Martin Brodeur without a rebound.
7:53 of 1st period - Jason Arnott wins face-off versus Vaclav Prospal in Wild zone.
7:54 of 1st period - Snap shot by Mike Leclerc.
7:54 of 1st period - Shot Misses the Net.
8:58 of 1st period - Penalty to Martin Erat is over, Martin Erat is back on ice.
9:22 of 1st period - Snap shot by Mike Ricci.
9:22 of 1st period - Shot Blocked by Wade Redden.
9:24 of 1st period - Slapshot by Danil Markov.
9:24 of 1st period - Shot Blocked by Wade Redden.
9:40 of 1st period - Niklas Kronwall is hit by Vaclav Prospal and loses puck.
10:35 of 1st period - Snap shot by Jason Allison.
10:35 of 1st period - Stopped by Martin Brodeur without a rebound.
10:36 of 1st period - Jason Allison wins face-off versus Vaclav Prospal in Wild zone.
10:51 of 1st period - Snap shot by Anson Carter.
10:51 of 1st period - Stopped by Maxime Daigneault without a rebound.
10:52 of 1st period - Jason Arnott wins face-off versus Chris Drury in Jets zone.
10:52 of 1st period - Jason Arnott is hit by R.J. Umberger.
10:55 of 1st period - Minor Penalty to Chris Drury for Tripping.
10:56 of 1st period - Rod Brind'Amour wins face-off versus Jason Allison in Wild zone.
11:21 of 1st period - Rod Brind'Amour is hit by Jason Arnott and loses puck.
12:55 of 1st period - Penalty to Chris Drury is over, Chris Drury is back on ice.
12:55 of 1st period - Niclas Wallin is hit by Dainius Zubrus and loses puck.
13:06 of 1st period - Snap shot by Jussi Jokinen.
13:06 of 1st period - Shot Misses the Net.
14:42 of 1st period - Snap shot by Adam Deadmarsh.
14:42 of 1st period - Stopped by Maxime Daigneault with a rebound.
15:10 of 1st period - Colin White is hit by Chris Drury and loses puck.
15:25 of 1st period - Minor Penalty to Benoit Pouliot for Holding.
15:26 of 1st period - Chris Drury wins face-off versus Jason Arnott in Jets zone.
15:35 of 1st period - Slapshot by Jozef Stumpel.
15:35 of 1st period - Shot Misses the Net.
15:37 of 1st period - Wrist shot by Jozef Stumpel.
15:37 of 1st period - Stopped by Maxime Daigneault without a rebound.
15:38 of 1st period - Jason Arnott wins face-off versus Jozef Stumpel in Jets zone.
15:43 of 1st period - Snap shot by Mike Leclerc.
15:43 of 1st period - Shot Misses the Net.
17:14 of 1st period - Minor Penalty to Nathan Dempsey for Hooking.
17:15 of 1st period - Jason Allison wins face-off versus Mark Recchi in Wild zone.
17:25 of 1st period - Penalty to Benoit Pouliot is over, Benoit Pouliot is back on ice.
17:36 of 1st period - Wrist shot by Jussi Jokinen.
17:36 of 1st period - Shot Misses the Net.
17:50 of 1st period - Snap shot by Dmitri Kalinin.
17:50 of 1st period - Stopped by Martin Brodeur without a rebound.
17:51 of 1st period - Jason Allison wins face-off versus Rod Brind'Amour in Wild zone.
17:52 of 1st period - Snap shot by Martin Erat.
17:52 of 1st period - Stopped by Martin Brodeur without a rebound.
17:53 of 1st period - Rod Brind'Amour wins face-off versus Peter Worrell in Wild zone.
18:32 of 1st period - Slapshot by Jason Allison.
18:32 of 1st period - Stopped by Martin Brodeur with a rebound.
18:34 of 1st period - Snap shot by Peter Worrell.
18:34 of 1st period - Stopped by Martin Brodeur without a rebound.
18:35 of 1st period - Rod Brind'Amour wins face-off versus Jason Arnott in Wild zone.
18:35 of 1st period - Rod Brind'Amour is hit by Wade Redden.
19:14 of 1st period - Penalty to Nathan Dempsey is over, Nathan Dempsey is back on ice.
19:24 of 1st period - Wrist shot by Vaclav Prospal.
19:24 of 1st period - Shot Misses the Net.
19:38 of 1st period - Slapshot by Vaclav Prospal.
19:38 of 1st period - Deflect By Rod Brind'Amour.
19:38 of 1st period - Goal by Rod Brind'Amour - Jets : 0 - Wild : 1.
19:39 of 1st period - Chris Drury wins face-off versus Jason Allison in neutral zone.
19:48 of 1st period - Snap shot by Chris Drury.
19:48 of 1st period - Shot Misses the Net.
19:50 of 1st period - Slapshot by R.J. Umberger.
19:50 of 1st period - Shot Misses the Net.
19:52 of 1st period - Slapshot by Nathan Dempsey.
19:52 of 1st period - Shot Misses the Net.

2nd period


0:01 of 2nd period - Chris Drury wins face-off versus Jason Allison in neutral zone.
0:06 of 2nd period - Snap shot by Mark Recchi.
0:06 of 2nd period - Stopped by Maxime Daigneault with a rebound.
0:14 of 2nd period - Snap shot by Mark Recchi.
0:14 of 2nd period - Shot Blocked by Benoit Pouliot.
0:31 of 2nd period - Wrist shot by Jason Arnott.
0:31 of 2nd period - Stopped by Martin Brodeur without a rebound.
0:32 of 2nd period - Jason Arnott wins face-off versus Vaclav Prospal in Wild zone.
0:39 of 2nd period - Wrist shot by Jussi Jokinen.
0:39 of 2nd period - Stopped by Martin Brodeur without a rebound.
0:39 of 2nd period - Minor Penalty to Anson Carter for Holding.
0:40 of 2nd period - Rod Brind'Amour wins face-off versus Jason Allison in Wild zone.
0:50 of 2nd period - Icing by Pavel Kubina.
0:51 of 2nd period - Jason Allison wins face-off versus Vaclav Prospal in Jets zone.
1:08 of 2nd period - Snap shot by Jason Allison.
1:08 of 2nd period - Shot Blocked by Danil Markov.
1:35 of 2nd period - Wrist shot by Martin Erat.
1:35 of 2nd period - Shot Misses the Net.
1:51 of 2nd period - Wrist shot by Jason Allison.
1:51 of 2nd period - Shot Misses the Net.
2:39 of 2nd period - Penalty to Anson Carter is over, Anson Carter is back on ice.
2:40 of 2nd period - Nathan Dempsey is hit by Zigmund Palffy and loses puck.
3:49 of 2nd period - Snap shot by Chris Higgins.
3:49 of 2nd period - Stopped by Maxime Daigneault without a rebound.
3:50 of 2nd period - Rod Brind'Amour wins face-off versus Jason Allison in Jets zone.
4:55 of 2nd period - Wrist shot by Fredrik Modin.
4:55 of 2nd period - Stopped by Maxime Daigneault with a rebound.
4:57 of 2nd period - Slapshot by Niclas Wallin.
4:57 of 2nd period - Shot Blocked by Colin White.
4:59 of 2nd period - Slapshot by Mike Ricci.
4:59 of 2nd period - Deflect By Fredrik Modin.
4:59 of 2nd period - Shot Misses the Net.
4:59 of 2nd period - Puck is out of play.
5:00 of 2nd period - Jason Allison wins face-off versus Mike Ricci in Jets zone.
5:25 of 2nd period - Mike Knuble is hit by Martin Erat and loses puck.
5:32 of 2nd period - Wrist shot by Jason Arnott.
5:32 of 2nd period - Goal by Jason Arnott - Jets : 1 - Wild : 1.
5:33 of 2nd period - Chris Drury wins face-off versus Zigmund Palffy in neutral zone.
5:35 of 2nd period - Off-side.
5:36 of 2nd period - Chris Drury wins face-off versus Jason Allison in neutral zone.
5:41 of 2nd period - Snap shot by Chris Drury.
5:41 of 2nd period - Goal by Chris Drury - Jets : 1 - Wild : 2.
5:42 of 2nd period - Jason Allison wins face-off versus Chris Drury in neutral zone.
6:09 of 2nd period - Anson Carter is hit by Wade Redden and loses puck.
6:40 of 2nd period - Slapshot by Bret Hedican.
6:40 of 2nd period - Stopped by Maxime Daigneault with a rebound.
7:20 of 2nd period - Wrist shot by Mark Recchi.
7:20 of 2nd period - Deflect By R.J. Umberger.
7:20 of 2nd period - Stopped by Maxime Daigneault with a rebound.
7:22 of 2nd period - Snap shot by R.J. Umberger.
7:22 of 2nd period - Stopped by Maxime Daigneault without a rebound.
7:23 of 2nd period - Jason Arnott wins face-off versus Chris Drury in Jets zone.
7:53 of 2nd period - Wrist shot by Chris Drury.
7:53 of 2nd period - Shot Misses the Net.
8:05 of 2nd period - Slapshot by Chris Drury.
8:05 of 2nd period - Shot Misses the Net.
8:07 of 2nd period - Slapshot by Danil Markov.
8:07 of 2nd period - Shot Misses the Net.
8:09 of 2nd period - Snap shot by Chris Drury.
8:09 of 2nd period - Stopped by Maxime Daigneault with a rebound.
8:11 of 2nd period - Wrist shot by Chris Drury.
8:11 of 2nd period - Shot Misses the Net.
8:19 of 2nd period - Snap shot by Chris Drury.
8:19 of 2nd period - Goal by Chris Drury - Jets : 1 - Wild : 3.
8:20 of 2nd period - Vaclav Prospal wins face-off versus Jason Allison in neutral zone.
8:50 of 2nd period - Snap shot by Colin White.
8:50 of 2nd period - Stopped by Martin Brodeur with a rebound.
8:52 of 2nd period - Snap shot by Jussi Jokinen.
8:52 of 2nd period - Stopped by Martin Brodeur with a rebound.
9:08 of 2nd period - Wrist shot by Mike Ricci.
9:08 of 2nd period - Shot Blocked by Colin White.
9:53 of 2nd period - R.J. Umberger is hit by Zenon Konopka and loses puck.
10:02 of 2nd period - Slapshot by Mike Leclerc.
10:02 of 2nd period - Shot Blocked by Bret Hedican.
10:04 of 2nd period - Wrist shot by Dainius Zubrus.
10:04 of 2nd period - Stopped by Martin Brodeur without a rebound.
10:05 of 2nd period - Chris Drury wins face-off versus Jason Arnott in Wild zone.
10:05 of 2nd period - Chris Drury is hit by Bryce Salvador.
10:19 of 2nd period - Wrist shot by Chris Drury.
10:19 of 2nd period - Stopped by Maxime Daigneault with a rebound.
11:08 of 2nd period - Icing by Rod Brind'Amour.
11:09 of 2nd period - Mike Ricci wins face-off versus Zenon Konopka in Wild zone.
11:16 of 2nd period - Snap shot by Mike Ricci.
11:16 of 2nd period - Shot Blocked by Colin White.
11:44 of 2nd period - Snap shot by Jozef Stumpel.
11:44 of 2nd period - Stopped by Maxime Daigneault with a rebound.
11:56 of 2nd period - Jussi Jokinen is hit by Fedor Tyutin and loses puck.
12:25 of 2nd period - Rod Brind'Amour is hit by Wade Redden and loses puck.
12:54 of 2nd period - Pavel Kubina is hit by Jozef Stumpel and loses puck.
13:08 of 2nd period - Chris Drury is hit by Martin Erat and loses puck.
13:26 of 2nd period - Jason Arnott is hit by Mark Recchi.
13:36 of 2nd period - Snap shot by Jussi Jokinen.
13:36 of 2nd period - Goal by Jussi Jokinen - Jets : 2 - Wild : 3.
13:37 of 2nd period - Jason Allison wins face-off versus Vaclav Prospal in neutral zone.
14:04 of 2nd period - R.J. Umberger is hit by Peter Worrell and loses puck.
14:13 of 2nd period - Wrist shot by Justin Williams.
14:13 of 2nd period - Shot Misses the Net.
14:15 of 2nd period - Snap shot by Justin Williams.
14:15 of 2nd period - Goal by Justin Williams - Jets : 3 - Wild : 3.
14:16 of 2nd period - Jason Allison wins face-off versus Chris Drury in neutral zone.
14:22 of 2nd period - Minor Penalty to R.J. Umberger for Hooking.
14:23 of 2nd period - Rod Brind'Amour wins face-off versus Jason Allison in Wild zone.
14:23 of 2nd period - Rod Brind'Amour is hit by Jason Allison.
14:57 of 2nd period - Slapshot by Wade Redden.
14:57 of 2nd period - Stopped by Martin Brodeur without a rebound.
14:58 of 2nd period - Mike Ricci wins face-off versus Jason Allison in Wild zone.
14:58 of 2nd period - Mike Ricci is hit by Jason Allison.
15:08 of 2nd period - Snap shot by Jason Allison.
15:08 of 2nd period - Shot Misses the Net.
15:10 of 2nd period - Slapshot by Jason Allison.
15:10 of 2nd period - Stopped by Martin Brodeur with a rebound.
16:03 of 2nd period - Danil Markov is hit by Jason Allison and loses puck.
16:22 of 2nd period - Penalty to R.J. Umberger is over, R.J. Umberger is back on ice.
16:34 of 2nd period - Snap shot by Dainius Zubrus.
16:34 of 2nd period - Stopped by Martin Brodeur without a rebound.
16:35 of 2nd period - Zenon Konopka wins face-off versus Fredrik Modin in Wild zone.
16:38 of 2nd period - Snap shot by Dainius Zubrus.
16:38 of 2nd period - Shot Blocked by Mike Green.
16:40 of 2nd period - Snap shot by Mike Leclerc.
16:40 of 2nd period - Shot Misses the Net.
16:42 of 2nd period - Wrist shot by Bryce Salvador.
16:42 of 2nd period - Stopped by Martin Brodeur without a rebound.
16:43 of 2nd period - Jason Allison wins face-off versus Mark Recchi in Wild zone.
16:48 of 2nd period - Wrist shot by Zigmund Palffy.
16:48 of 2nd period - Stopped by Martin Brodeur without a rebound.
16:49 of 2nd period - Jason Allison wins face-off versus Chris Drury in Wild zone.
16:57 of 2nd period - Minor Penalty to Zigmund Palffy for Hooking.
16:58 of 2nd period - Chris Drury wins face-off versus Jason Arnott in Jets zone.
18:57 of 2nd period - Penalty to Zigmund Palffy is over, Zigmund Palffy is back on ice.
19:17 of 2nd period - Danil Markov is hit by Pavel Kubina and loses puck.
19:24 of 2nd period - Peter Worrell is hit by Mike Knuble.
19:28 of 2nd period - Snap shot by Mike Ricci.
19:28 of 2nd period - Shot Misses the Net.
19:38 of 2nd period - Fedor Tyutin is hit by Wade Redden.

3rd period


0:01 of 3rd period - Jason Allison wins face-off versus Chris Drury in neutral zone.
0:12 of 3rd period - Slapshot by Mike Green.
0:12 of 3rd period - Deflect By Mark Recchi.
0:12 of 3rd period - Shot Misses the Net.
0:12 of 3rd period - Puck is out of play.
0:13 of 3rd period - Jason Allison wins face-off versus Vaclav Prospal in Jets zone.
0:24 of 3rd period - Wrist shot by Anson Carter.
0:24 of 3rd period - Stopped by Maxime Daigneault with a rebound.
0:26 of 3rd period - Wrist shot by Jozef Stumpel.
0:26 of 3rd period - Shot Misses the Net.
0:28 of 3rd period - Snap shot by Vaclav Prospal.
0:28 of 3rd period - Stopped by Maxime Daigneault with a rebound.
0:38 of 3rd period - Mike Green is hit by Wade Redden and loses puck.
0:59 of 3rd period - Slapshot by Adam Deadmarsh.
0:59 of 3rd period - Stopped by Maxime Daigneault with a rebound.
1:07 of 3rd period - Nathan Dempsey is hit by Tuomo Ruutu and loses puck.
1:41 of 3rd period - Snap shot by Nathan Dempsey.
1:41 of 3rd period - Stopped by Maxime Daigneault with a rebound.
2:05 of 3rd period - Wrist shot by Mark Recchi.
2:05 of 3rd period - Shot Blocked by Wade Redden.
2:07 of 3rd period - Slapshot by Nathan Dempsey.
2:07 of 3rd period - Shot Misses the Net.
2:09 of 3rd period - Wrist shot by Mark Recchi.
2:09 of 3rd period - Stopped by Maxime Daigneault with a rebound.
2:11 of 3rd period - Snap shot by R.J. Umberger.
2:11 of 3rd period - Shot Misses the Net.
3:10 of 3rd period - Snap shot by Jason Allison.
3:10 of 3rd period - Deflect By Benoit Pouliot.
3:10 of 3rd period - Stopped by Martin Brodeur without a rebound.
3:11 of 3rd period - Chris Drury wins face-off versus Tuomo Ruutu in Wild zone.
3:17 of 3rd period - Minor Penalty to Danil Markov for High sticking.
3:18 of 3rd period - Jason Allison wins face-off versus Rod Brind'Amour in Wild zone.
3:43 of 3rd period - Jason Arnott is hit by Chris Higgins and loses puck.
3:49 of 3rd period - Minor Penalty to Zigmund Palffy for Holding Stick.
3:50 of 3rd period - Mark Recchi wins face-off versus Jason Allison in Jets zone.
4:03 of 3rd period - Wrist shot by Jason Allison.
4:03 of 3rd period - Stopped by Martin Brodeur without a rebound.
4:04 of 3rd period - Jason Allison wins face-off versus Chris Drury in Wild zone.
4:11 of 3rd period - Wrist shot by Jason Allison.
4:11 of 3rd period - Shot Blocked by Mike Green.
4:13 of 3rd period - Wrist shot by Jason Allison.
4:13 of 3rd period - Stopped by Martin Brodeur with a rebound.
4:49 of 3rd period - Slapshot by Dmitri Kalinin.
4:49 of 3rd period - Stopped by Martin Brodeur without a rebound.
4:50 of 3rd period - Jozef Stumpel wins face-off versus Jason Arnott in Wild zone.
4:50 of 3rd period - Jozef Stumpel is hit by Jason Arnott.
4:58 of 3rd period - Jussi Jokinen is hit by Fedor Tyutin and loses puck.
5:07 of 3rd period - Snap shot by Vaclav Prospal.
5:07 of 3rd period - Shot Blocked by Wade Redden.
5:09 of 3rd period - Slapshot by Fedor Tyutin.
5:09 of 3rd period - Stopped by Maxime Daigneault with a rebound.
5:17 of 3rd period - Penalty to Danil Markov is over, Danil Markov is back on ice.
5:39 of 3rd period - Slapshot by Danil Markov.
5:39 of 3rd period - Shot Misses the Net.
5:49 of 3rd period - Penalty to Zigmund Palffy is over, Zigmund Palffy is back on ice.
5:49 of 3rd period - Snap shot by Vaclav Prospal.
5:49 of 3rd period - Deflect By Jozef Stumpel.
5:49 of 3rd period - Stopped by Maxime Daigneault with a rebound.
5:51 of 3rd period - Wrist shot by Danil Markov.
5:51 of 3rd period - Shot Blocked by Wade Redden.
5:53 of 3rd period - Slapshot by Bret Hedican.
5:53 of 3rd period - Shot Blocked by Pavel Kubina.
5:55 of 3rd period - Snap shot by Jozef Stumpel.
5:55 of 3rd period - Shot Misses the Net.
5:57 of 3rd period - Wrist shot by Vaclav Prospal.
5:57 of 3rd period - Shot Misses the Net.
5:59 of 3rd period - Slapshot by Fedor Tyutin.
5:59 of 3rd period - Stopped by Maxime Daigneault with a rebound.
6:01 of 3rd period - Slapshot by Bret Hedican.
6:01 of 3rd period - Deflect By Jason Arnott.
6:01 of 3rd period - Stopped by Maxime Daigneault with a rebound.
6:25 of 3rd period - Slapshot by Vaclav Prospal.
6:25 of 3rd period - Stopped by Maxime Daigneault with a rebound.
6:33 of 3rd period - Wrist shot by Jozef Stumpel.
6:33 of 3rd period - Shot Misses the Net.
6:35 of 3rd period - Slapshot by Fedor Tyutin.
6:35 of 3rd period - Stopped by Maxime Daigneault with a rebound.
6:37 of 3rd period - Slapshot by Fedor Tyutin.
6:37 of 3rd period - Shot Blocked by Pavel Kubina.
6:39 of 3rd period - Slapshot by Fedor Tyutin.
6:39 of 3rd period - Shot Misses the Net.
6:41 of 3rd period - Slapshot by Fedor Tyutin.
6:41 of 3rd period - Stopped by Maxime Daigneault without a rebound.
6:42 of 3rd period - Chris Drury wins face-off versus Tuomo Ruutu in Jets zone.
6:51 of 3rd period - Snap shot by R.J. Umberger.
6:51 of 3rd period - Stopped by Maxime Daigneault with a rebound.
7:07 of 3rd period - Colin White is hit by Nathan Dempsey and loses puck.
7:11 of 3rd period - Icing by Colin White.
7:12 of 3rd period - Justin Williams wins face-off versus Mike Ricci in Jets zone.
8:00 of 3rd period - Slapshot by Justin Williams.
8:00 of 3rd period - Shot Misses the Net.
8:36 of 3rd period - Slapshot by Peter Worrell.
8:36 of 3rd period - Stopped by Martin Brodeur with a rebound.
8:56 of 3rd period - Mike Ricci is hit by Niklas Kronwall and loses puck.
9:09 of 3rd period - Bret Hedican is hit by Peter Worrell and loses puck.
9:36 of 3rd period - Tuomo Ruutu is hit by Mike Knuble and loses puck.
9:48 of 3rd period - Bret Hedican is hit by Wade Redden and loses puck.
10:43 of 3rd period - Backhand shot by Mike Ricci.
10:43 of 3rd period - Deflect By Fredrik Modin.
10:43 of 3rd period - Shot Blocked by Dmitri Kalinin.
10:43 of 3rd period - Puck is out of play.
10:44 of 3rd period - Chris Drury wins face-off versus Jason Allison in Jets zone.
11:09 of 3rd period - Vaclav Prospal is hit by Wade Redden and loses puck.
11:32 of 3rd period - Nathan Dempsey is hit by Colin White and loses puck.
11:58 of 3rd period - Mike Green is hit by Zigmund Palffy and loses puck.
12:58 of 3rd period - Minor Penalty to Jason Arnott for Hooking.
12:59 of 3rd period - Vaclav Prospal wins face-off versus Jason Allison in Jets zone.
14:58 of 3rd period - Penalty to Jason Arnott is over, Jason Arnott is back on ice.
15:06 of 3rd period - Snap shot by Adam Deadmarsh.
15:06 of 3rd period - Shot Misses the Net.
15:14 of 3rd period - Snap shot by Jason Arnott.
15:14 of 3rd period - Shot Blocked by Adam Deadmarsh.
16:27 of 3rd period - Mark Recchi is hit by Dainius Zubrus and loses puck.
18:53 of 3rd period - Wrist shot by R.J. Umberger.
18:53 of 3rd period - Shot Misses the Net.
18:55 of 3rd period - Snap shot by Mike Knuble.
18:55 of 3rd period - Stopped by Maxime Daigneault with a rebound.
19:23 of 3rd period - Jason Arnott is hit by Mike Ricci and loses puck.

Overtime #1


0:01 of 1st overtime period - Mark Recchi wins face-off versus Jason Allison in neutral zone.
0:39 of 1st overtime period - Jozef Stumpel is hit by Wade Redden.
3:09 of 1st overtime period - Mike Leclerc is hit by Danil Markov and loses puck.
3:27 of 1st overtime period - Icing by Bryce Salvador.
3:28 of 1st overtime period - Anson Carter wins face-off versus Tuomo Ruutu in Jets zone.
3:55 of 1st overtime period - Benoit Pouliot is hit by Fedor Tyutin and loses puck.
4:14 of 1st overtime period - Wrist shot by Vaclav Prospal.
4:14 of 1st overtime period - Shot Misses the Net.

ShootOut


5:00 of 1st overtime period - Penalty Shot by Peter Worrell for Jets.
5:00 of 1st overtime period - Snap shot by Peter Worrell.
5:00 of 1st overtime period - Stopped by Martin Brodeur.
5:00 of 1st overtime period - Penalty Shot by Mark Recchi for Wild.
5:00 of 1st overtime period - Deke by Mark Recchi.
5:00 of 1st overtime period - Stopped by Maxime Daigneault.
5:00 of 1st overtime period - Penalty Shot by Jason Arnott for Jets.
5:00 of 1st overtime period - Wrist shot by Jason Arnott.
5:00 of 1st overtime period - Stopped by Martin Brodeur.
5:00 of 1st overtime period - Penalty Shot by Chris Drury for Wild.
5:00 of 1st overtime period - Deke by Chris Drury.
5:00 of 1st overtime period - Goal by Chris Drury.
5:00 of 1st overtime period - Penalty Shot by Benoit Pouliot for Jets.
5:00 of 1st overtime period - Wrist shot by Benoit Pouliot.
5:00 of 1st overtime period - Stopped by Martin Brodeur.


Output by the SimonT Hockey Simulator (STHS) for François Prévost -- Original Page W3C XHTML 1.0 Valid
Hockey Simulator - Hockey Simulation - Hockey Manager